 Dungeon Crawl Stone Soup version 0.30-a0-972-gf3ab3527aa (webtiles) character file.

Game seed: 5412765953564941908

61 DeathPants the Grave Robber (level 4, -3/20 (22) HPs)
             Began as a Vine Stalker Necromancer on Mar 31, 2023.
             Succumbed to Crazy Yiuf's poison
             ... on level 2 of the Dungeon.
             The game lasted 00:04:27 (1732 turns).

DeathPants the Grave Robber (VSNe)                  Turns: 1732, Time: 00:04:28

HP:   -3/20 (22)    AC:  2    Str: 11    XL:     4   Next: 7%
MP:   1/9           EV: 12    Int: 15    God:
Gold: 40            SH:  0    Dex: 16    Spells: 4/8 levels left

rFire   . . .      SeeInvis .    d - +0 dagger
rCold   . . .      Faith    .    (no shield)
rNeg    . . .      Spirit   +    a - +0 robe
rPois   .          Reflect  .    (no helmet)
rElec   .          Rampage  .    (no cloak)
rCorr   .                        (no gloves)
Will    .....                    (no boots)
Stlth   ++                       g - amulet of the acrobat
HPRegen 1.03/turn                (no ring)
MPRegen 0.11/turn                (no ring)

@: lethally poisoned (-3 -> -18), flying, drained
A: fangs 2, regeneration 1, magic shield, antimagic bite, no potion heal 2
a: no special abilities


You were on level 2 of the Dungeon.
You visited 1 branch of the dungeon, and saw 3 of its levels.

You collected 40 gold pieces.

Inventory:

Hand Weapons
 d - a +0 dagger (weapon)
Missiles
 e - 3 javelins
Armour
 a - a +0 robe (worn)
Jewellery
 g - an amulet of the acrobat (around neck)
Scrolls
 c - a scroll of magic mapping {unknown}
 f - a scroll of fear {unknown}
 h - 2 scrolls of noise {unknown}
 j - a scroll of amnesia {unknown}
Potions
 b - a potion of magic


   Skills:
 + Level 1.1 Fighting
 + Level 2.1 Dodging
 + Level 3.2 Stealth
 + Level 2.7 Spellcasting
 + Level 4.3 Necromancy


You had 4 spell levels left.
You knew the following spells:

 Your Spells              Type           Power      Damage    Failure   Level
a - Necrotise             Necr           60%        1d7       3%          1
b - Vampiric Draining     Necr           15%        2d7       11%         3

Your spell library contained the following spells:

 Spells                   Type           Power      Damage    Failure   Level
 Slow                     Hex            8%         N/A       21%         1
 Sting                    Tmut/Pois      8%         1d3       21%         1
 Poisonous Vapours        Pois/Air       4%         N/A       30%         2
 Animate Dead             Necr           15%        N/A       34%         4
 Confusing Touch          Hex            2%         N/A       52%         3
 Olgreb's Toxic Radiance  Pois           2%         N/A       90%         4
 Agony                    Necr           15%        N/A       67%         5


Dungeon Overview and Level Annotations

Branches:
Dungeon (3/15)

Altars:

Annotations:
D:2 Crazy Yiuf


Innate Abilities, Weirdness & Mutations

You have extremely sharp teeth.
Your natural rate of healing is unusually fast.
When hurt, damage is shared between your health and your magic reserves.
Your bite disrupts and absorbs the magic of your enemies.
Potions cannot restore your health.


Message History

A frilled lizard comes into view.
The helpless frilled lizard fails to defend itself.
You puncture the frilled lizard!
You kill the frilled lizard!
j - a scroll labelled MUTWEE JUAPAN
Found a dagger.
You now have 40 gold pieces (gained 4).
Found a runed translucent door.
You open the door.
Crazy Yiuf shouts!
Crazy Yiuf glowers.
Aiming: Necrotise (safe; 3% risk of failure)
Press: ? - help, Q - select action, (/) - cycle Shift-Dir - straight line, f - Crazy Yiuf
Aim: Crazy Yiuf, wielding a +4 quarterstaff of chaos and wearing a +0 cloak (chance to affect: 79%) Crazy Yiuf barely resists.
Aiming: Necrotise (safe; 3% risk of failure)
Press: ? - help, Q - select action, (/) - cycle Shift-Dir - straight line, f/p - Crazy Yiuf
Aim: Crazy Yiuf, wielding a +4 quarterstaff of chaos and wearing a +0 cloak (chance to affect: 79%) Crazy Yiuf writhes in agony.
You barely miss Crazy Yiuf. You bite Crazy Yiuf, but do no damage.
Crazy Yiuf is moderately wounded.
Crazy Yiuf laughs, "Fluff mumblescurry alas!"
Crazy Yiuf hits you with a +4 quarterstaff of chaos!
You are poisoned.
You closely miss Crazy Yiuf. You bite Crazy Yiuf, but do no damage.
Crazy Yiuf is moderately wounded.
You feel very sick.
Crazy Yiuf grits, "Announcement toodlewoodle alas!"
Crazy Yiuf hits you with a +4 quarterstaff of chaos!
You are lethally poisoned!
It was a potion of flight.
You feel very buoyant.
You fly up into the air.
* * * LOW HITPOINT WARNING * * *
You feel extremely sick.
Crazy Yiuf hits you with a +4 quarterstaff of chaos.
You feel drained.
You hit Crazy Yiuf but do no damage.
Crazy Yiuf is moderately wounded.
You die...

#.# #..............# #.#
#..#######...### #.# #..#
#...# #.# #### ####.## #.#
#....# #.# ♣♣♣♣♣#######
#.### ### ♣♣♣.♣...### #.#..
#...#♣..♣......## #.#.#
#...g@♣♣♣♣......## #.#.#
#)..#♣♣ ♣♣..#.#.# #.#.# ###
♣♣###.## #.#.##### #..#
#.......# ##.# #.#.##..#
####.# #.#.##.# #.##.# ##
#.#.##.## # #<...# #.
#.......##.##...######..###
#.


You could see Crazy Yiuf.

Vanquished Creatures
  An adder (D:2)
  A worm (D:2)
  7 bats
  5 endoplasms
  3 goblins
  3 hobgoblins
  4 jackals (D:1)
  2 quokkas
  3 ball pythons
  3 frilled lizards
  6 kobolds
  5 rats
43 creatures vanquished.

Vanquished Creatures (collateral kills)
  A dart slug (D:2)
1 creature vanquished.

Grand Total: 44 creatures vanquished

Notes
Turn   | Place    | Note
-------+----------+-------------------------------------------
     0 | D:1      | DeathPants the Vine Stalker Necromancer began the quest for
                  | the Orb.
     0 | D:1      | Reached XP level 1. HP: 9/9 MP: 4/4
   214 | D:1      | Reached XP level 2. HP: 14/14 MP: 6/6
   849 | D:1      | Reached XP level 3. HP: 13/17 MP: 5/7
  1101 | D:2      | Reached skill level 1 in Fighting
  1416 | D:2      | Learned a level 3 spell: Vampiric Draining
  1452 | D:2      | Gained mutation: Your natural rate of healing is unusually
                  | fast. [Vine Stalker growth]
  1452 | D:2      | Reached XP level 4. HP: 15/22 MP: 3/9
  1504 | D:2      | Found a faded altar of an unknown god.
  1722 | D:2      | Found a runed translucent door.
  1723 | D:2      | Noticed Crazy Yiuf
  1731 | D:2      | HP: 1/22 [poisoned by Crazy Yiuf]
  1732 | D:2      | Succumbed to Crazy Yiuf's poison

Illustrated notes

Levels and vault maps discovered:
D:1:      sevenhm_arrival_forest_fort_large_3, layout_basic,
          chequers_serial_rivers_small_b
D:2:      layout_loops_ring, ebering_ecumenical_altar_hall,
          uniq_crazy_yiuf_cottage
D:3:      layout_basic, nicolae_sif_muna_condensation,
          gammafunk_ghost_stat_death

Skill      XL: |  1  2  3 |
---------------+----------+-----
Dodging        | 2 |  2.1
Stealth        | 3 |  3.2
Fighting       | 1 |  1.1
Spellcasting   | |  2.7
Necromancy     | |  4.3

Action                     |  1- 3 |  4- 6 || total
---------------------------+-------+-------++-------
  Melee: Dagger            |   109 |    14 ||   123
         Bite              |    27 |     6 ||    33
         Punch             |     1 |       ||     1
   Cast: Necrotise         |    33 |     2 ||    35
    Use: Potion            |       |     1 ||     1
   Stab: Sleeping          |     3 |     1 ||     4
 Armour: Robe              |    48 |     1 ||    49
  Dodge: Dodged            |    92 |     8 ||   100

Table legend: (Time is in decaauts)
 A = Elapsed time spent in this place.
 B = Non-inter-level travel time spent in this place.
 C = Inter-level travel time spent in this place.
 D = Time resting spent in this place.
 E = Time spent auto-exploring this place.
 F = Levels seen in this place.
 G = Mean time per level.
                   A        B        C        D        E       F      G
               +--------+--------+--------+--------+--------+-----+--------+
         Total |   1735 |   1718 |     17 |     72 |   1142 |   3 |  578.3 |
       Dungeon |   1735 |   1718 |     17 |     72 |   1142 |   3 |  578.3 |
               +--------+--------+--------+--------+--------+-----+--------+

Top non-repeatable levels by time:
     D:1: 1022 daAuts
     D:2: 680 daAuts
     D:3: 32 daAuts
